 Dungeon Crawl Stone Soup version 0.30-a0-568-g124715a40b (webtiles) character file.

Game seed: 18052390902391146030

7191 mampy3000 the Basher (level 10, -8/91 HPs)
             Began as a Minotaur Berserker on Aug 27, 2021.
             Was a Priest of Trog.
             Mangled by a yak (12 damage)
             ... on level 10 of the Dungeon on Dec 29, 2022.
             The game lasted 00:28:05 (9745 turns).

mampy3000 the Basher (Minotaur Berserker)           Turns: 9745, Time: 00:28:05

Health: -8/91      AC: 24    Str: 23    XL:     10   Next: 87%
Magic:  9/9        EV:  8    Int:  4    God:    Trog [***...]
Gold:   486        SH:  5    Dex: 12    Spells: 9/9 levels left

rFire   . . .      SeeInvis +    p - +3 whip (flame)
rCold   . . .      Faith    .    u - +0 buckler {AC+3}
rNeg    . . .      Spirit   .    f - +0 plate armour
rPois   .          Reflect  .    (helmet restricted)
rElec   .          Harm     .    t - +1 cloak {rCorr}
rCorr   +          Rampage  .    v - +0 pair of gloves
Will    .....                    n - +1 pair of boots Stlth
                                 A - amulet of regeneration
HPRegen 1.15/turn                i - ring of see invisible
MPRegen 0.11/turn                (no ring)

@: no status effects
A: horns 2, retaliatory headbutt
a: Renounce Religion, Berserk, Trog's Hand


You were on level 10 of the Dungeon.
You worshipped Trog.
Trog was most pleased with you.
You visited 1 branch of the dungeon, and saw 10 of its levels.

You collected 486 gold pieces.

Inventory:

Hand Weapons
 p - a +3 whip of flaming (weapon)
Missiles
 x - 4 javelins (quivered)
 y - 5 boomerangs
Armour
 b - quicksilver dragon scales
 f - a +0 plate armour (worn)
 n - a +1 pair of boots (worn)
 t - a +1 cloak of preservation (worn)
 u - a +0 buckler of protection (worn)
 v - a +0 pair of gloves (worn)
Jewellery
 i - a ring of see invisible (left hand)
 A - an amulet of regeneration (around neck)
Wands
 o - a wand of paralysis (5)
 B - a wand of iceblast (7)
 D - a wand of mindburst (2)
Scrolls
 c - 2 scrolls of fear
 e - 4 scrolls of identify
 g - 4 scrolls of teleportation
 l - 2 scrolls of enchant armour
 s - 2 scrolls of amnesia
 w - a scroll of enchant weapon
 z - a scroll of holy word
 C - a scroll of magic mapping
Potions
 a - 2 potions of resistance {unknown}
 d - a potion of brilliance {unknown}
 h - 3 potions of curing
 j - a potion of might {unknown}
 k - 2 potions of attraction {unknown}
 m - 2 potions of mutation {unknown}
 q - 3 potions of heal wounds
 r - a potion of invisibility {unknown}


   Skills:
 + Level 9.1 Fighting
 + Level 13.1 Maces & Flails
 + Level 11.3 Armour
 + Level 5.1 Dodging
 + Level 1.0 Stealth
 + Level 4.3 Shields


You had 9 spell levels left.
You didn't know any spells.
Your spell library was empty.

Dungeon Overview and Level Annotations

Branches:
Dungeon (10/15)            Temple (0/1) D:4
   Lair: D:8-11         Orc: D:9-12

Altars:
Fedhas
Wu Jian

Shops:
D:2 =   D:4 ?(   D:9 =

Annotations:
D:9 1 transporter


Innate Abilities, Weirdness & Mutations

You have a pair of horns on your head.
You reflexively headbutt those who attack you in melee.


Message History

You block the yak's attack. The yak gores you but does no damage.
The yak closely misses you. The yak barely misses you.
The yak gores you but does no damage. The yak barely misses you.
The yak completely misses you. The yak gores you but does no damage.
The yak closely misses you. You furiously retaliate!
You headbutt the yak! The yak gores you but does no damage.
The yak gores you but does no damage. x5
The yak barely misses you. You furiously retaliate!
You headbutt the yak! The yak gores you.
* * * LOW HITPOINT WARNING * * *
The yak gores you but does no damage. x2; The yak closely misses you.
The yak gores you.
* * * LOW HITPOINT WARNING * * *
The yak gores you but does no damage. x2; The yak closely misses you. x2
You furiously retaliate!
You headbutt the yak. The yak barely misses you. You furiously retaliate!
You headbutt the yak! The yak gores you but does no damage.
You block the yak's attack. The yak barely misses you. You furiously retaliate!
You headbutt the yak. The yak gores you but does no damage.
The yak gores you but does no damage. The yak gores you.
* * * LOW HITPOINT WARNING * * *
The yak gores you but does no damage. The yak gores you!
* * * LOW HITPOINT WARNING * * *
The yak gores you but does no damage. The yak gores you but does no damage.
You block the yak's attack. The yak barely misses you. You furiously retaliate!
You headbutt the yak. The yak gores you but does no damage.
You block the yak's attack. The yak gores you but does no damage.
The yak gores you.
* * * LOW HITPOINT WARNING * * *
The yak barely misses you. The yak gores you but does no damage.
The yak gores you.
* * * LOW HITPOINT WARNING * * *
The yak gores you.
* * * LOW HITPOINT WARNING * * *
The yak gores you but does no damage. You block the yak's attack.
The yak barely misses you. You furiously retaliate!
You headbutt the yak! The yak barely misses you. The yak misses you.
The yak gores you but does no damage. The yak gores you!
You die...

#......# #.# #......#
#.# #......# #.#
#......# #.# #......#
#.# ###...##
#######.#### ####.###
#.....YY...# #.......
#....YY@...# #.......
#.....YY...# ####.......
...........###..'.......
#..........)...##.......
#..........######.......
############ #.......
########


You could see 6 yaks.

Vanquished Creatures
  A hydra (D:8)
  Pikel (D:4)
  A manticore (D:8)
  Joseph (D:7)
  Maggie (D:6)
  2 slime creatures (D:8)
  Sigmund (D:3)
  4 wyverns
  Eustachio (D:4)
  A steam dragon (D:8)
  5 water moccasins
  Duvessa (D:4)
  3 ice beasts
  An orc warrior (D:8)
  A sky beast (D:7)
  7 centaurs
  4 ogres
  3 phantoms
  Blork the orc (D:4)
  3 bullfrogs
  2 wyvern zombies
  A gnoll sergeant (D:6)
  A scorpion (D:5)
  Dowan (D:4)
  6 killer bees
  A water moccasin skeleton (D:5)
  2 howler monkeys (D:8)
  A bullfrog zombie (D:6)
  2 centaur zombies (D:8)
  A jelly (D:7)
  3 hounds
  Crazy Yiuf (D:6)
  An orc priest (D:8)
  An iguana (D:6)
  Natasha (D:3)
  2 orc wizards (D:8)
  2 hound skeletons
  7 gnolls
  A howler monkey skeleton (D:7)
  An adder (D:2)
  3 white imps
  2 ufetubi
  A worm (D:5)
  A dart slug (D:1)
  26 orcs
  4 endoplasms
  5 giant cockroaches
  6 goblins
  8 hobgoblins
  6 jackals
  6 kobolds
  3 quokkas
  4 ball pythons
  2 bats
  A frilled lizard (D:1)
  7 rats
166 creatures vanquished.

Notes
Turn   | Place    | Note
-------+----------+-------------------------------------------
     0 | D:1      | mampy3000 the Minotaur Berserker began the quest for the
                  | Orb.
     0 | D:1      | Reached XP level 1. HP: 19/19 MP: 0/0
   198 | D:1      | Reached XP level 2. HP: 14/27 MP: 1/1
   477 | D:1      | Reached skill level 4 in Maces & Flails
  1121 | D:1      | Reached XP level 3. HP: 26/33 MP: 2/2
  1429 | D:1      | Upgraded the game from 0.28-a0-265-g048bc9fd10 to
                  | 0.28-a0-268-g3f656e82c2
  1669 | D:2      | Found an ornate altar of the Wu Jian Council.
  1682 | D:2      | Reached ** piety under Trog
  1800 | D:2      | Found Risaamaa's Jewellery Emporium.
  2907 | D:3      | Found a faded altar of an unknown god.
  2920 | D:3      | Noticed Sigmund
  2925 | D:3      | Upgraded the game from 0.28-a0-268-g3f656e82c2 to
                  | 0.28-a0-476-g0f06bd746f
  2949 | D:3      | Killed Sigmund
  2950 | D:3      | Reached skill level 5 in Maces & Flails
  2950 | D:3      | Reached XP level 4. HP: 37/41 MP: 3/3
  2950 | D:3      | Reached XP level 5. HP: 42/47 MP: 4/4
  3140 | D:3      | Noticed Natasha
  3158 | D:3      | Killed Natasha
  3268 | D:3      | Reached skill level 6 in Maces & Flails
  3698 | D:4      | Noticed a lemure
  3700 | D:4      | Noticed Pikel
  3701 | D:4      | Noticed a lemure
  3704 | D:4      | Noticed a lemure
  3706 | D:4      | Noticed a lemure
  3719 | D:4      | Killed Pikel
  3720 | D:4      | Reached skill level 5 in Fighting
  3720 | D:4      | Reached skill level 7 in Maces & Flails
  3720 | D:4      | Reached skill level 5 in Armour
  3720 | D:4      | Reached XP level 6. HP: 32/56 MP: 5/5
  3720 | D:4      | Reached XP level 7. HP: 35/61 MP: 6/6
  3887 | D:4      | Noticed Blork the orc
  3904 | D:4      | Killed Blork the orc
  4024 | D:4      | Found a staircase to the Ecumenical Temple.
  4315 | D:4      | Noticed Eustachio
  4332 | D:4      | Killed Eustachio
  4404 | D:4      | Found Imaonocris's Weapon Shop.
  4410 | D:4      | Noticed Dowan
  4411 | D:4      | Noticed Duvessa
  4414 | D:4      | Killed Dowan
  4423 | D:4      | Killed Duvessa
  4424 | D:4      | Reached skill level 8 in Maces & Flails
  4424 | D:4      | Reached XP level 8. HP: 70/70 MP: 7/7
  4516 | D:4      | Found Lacar's Magic Scroll Emporium.
  4673 | D:5      | Entered Level 5 of the Dungeon
  4873 | D:5      | Found a blossoming altar of Fedhas.
  5358 | D:5      | Reached skill level 9 in Maces & Flails
  6271 | D:6      | Reached XP level 9. HP: 62/78 MP: 8/8
  6317 | D:6      | Reached skill level 10 in Maces & Flails
  6887 | D:6      | Found a runed translucent door.
  6888 | D:6      | Noticed Crazy Yiuf
  6922 | D:6      | Killed Crazy Yiuf
  6995 | D:6      | Reached *** piety under Trog
  7184 | D:6      | Reached skill level 1 in Shields
  7188 | D:6      | Noticed Maggie
  7207 | D:6      | Killed Maggie
  7720 | D:7      | Noticed Joseph
  7729 | D:7      | Reached skill level 11 in Maces & Flails
  7771 | D:7      | Killed Joseph
  7772 | D:7      | Reached skill level 1 in Stealth
  8060 | D:7      | Reached skill level 10 in Armour
  8371 | D:8      | Reached XP level 10. HP: 81/86 MP: 9/9
  9001 | D:8      | Reached skill level 12 in Maces & Flails
  9018 | D:8      | Reached skill level 5 in Dodging
  9018 | D:8      | Noticed a four-headed hydra
  9040 | D:8      | Killed a four-headed hydra
  9050 | D:8      | Noticed a manticore
  9073 | D:8      | Killed a manticore
  9211 | D:8      | Reached **** piety under Trog
  9312 | D:9      | Reached skill level 13 in Maces & Flails
  9312 | D:9      | Upgraded the game from 0.28-a0-476-g0f06bd746f to
                  | 0.30-a0-568-g124715a40b
  9339 | D:9      | Found a transporter.
  9342 | D:9      | Noticed an orc high priest
  9371 | D:9      | Found Roghutas's Jewellery Shoppe.
  9612 | D:10     | Entered Level 10 of the Dungeon
  9744 | D:10     | HP: 3/91 [yak (3)]
  9745 | D:10     | Mangled by a yak

Illustrated notes

Levels and vault maps discovered:
D:1:      heliophobic_arrival_ceremonial_halls, layout_basic
D:2:      layout_loops_cross, serial_shops, nicolae_shop_statue_plus,
          basic_altar
D:3:      layout_basic, shapermc_ecumenical_altar_notcrosses,
          minmay_starry_boxes, uniq_natasha, uniq_sigmund
D:4:      layout_basic, minmay_temple_entry_junction, serial_shops,
          nicolae_shop_trees, nicolae_shop_behind_doors, uniq_duvessa,
          uniq_blork_the_orc, uniq_eustachio, uniq_pikel
D:5:      wander_river, layout_basic, mainiacjoe_overflow_24_doors,
          water_boxes_lemuel
D:6:      layout_cave_pools, uniq_crazy_yiuf_cottage, uniq_maggie
D:7:      layout_rooms, minmay_misc_feat_x, hangedman_abyss_or_decor_stabs,
          uniq_joseph
D:8:      layout_basic, minmay_pinched_square
D:9:      gammafunk_wand_slinger, layout_basic, gammafunk_ghost_ooze,
          serial_shops, nicolae_square_shop, nicolae_shop_trees, shop,
          nicolae_shop_statue_plus, nicolae_square_shop, minmay_statues_item
D:10:     layout_roguey, hellmonk_lair_entry_icy

Skill      XL: |  1  2  3  4  5  6  7  8  9 10 |
---------------+-------------------------------+-----
Maces & Flails | 4 5 7 8 9 11 13 | 13.1
Fighting       | 4 5 6 7 9 |  9.1
Armour         | 3 5 7 8 10 11 | 11.3
Dodging        | 3 4 5 |  5.1
Shields        | 2 4 |  4.3
Stealth        | 1 |  1.0

Action                   |  1- 3 |  4- 6 |  7- 9 | 10-12 || total
-------------------------+-------+-------+-------+-------++-------
Melee: Mace              |    86 |    56 |       |       ||   142
       Headbutt          |    11 |    16 |    65 |    32 ||   124
       Whip              |       |       |   328 |   160 ||   488
Invok: Berserk           |       |     1 |     6 |     2 ||     9
       Trog's Hand       |       |       |     2 |     1 ||     3
  Use: Scroll            |     4 |       |     6 |       ||    10
       Potion            |     2 |       |       |     1 ||     3
Armor: Animal skin       |    14 |       |       |       ||    14
       Plate armour      |    15 |    47 |   207 |   163 ||   432
Dodge: Dodged            |    48 |    15 |   118 |   103 ||   284
Block: Buckler           |       |       |    29 |    52 ||    81

Table legend: (Time is in decaauts)
 A = Elapsed time spent in this place.
 B = Non-inter-level travel time spent in this place.
 C = Inter-level travel time spent in this place.
 D = Time resting spent in this place.
 E = Time spent auto-exploring this place.
 F = Levels seen in this place.
 G = Mean time per level.
                   A        B        C        D        E       F      G
               +--------+--------+--------+--------+--------+-----+--------+
         Total |   9673 |   9303 |    370 |   1363 |   6096 |  10 |  967.3 |
       Dungeon |   9673 |   9303 |    370 |   1363 |   6096 |  10 |  967.3 |
               +--------+--------+--------+--------+--------+-----+--------+

Top non-repeatable levels by time:
     D:1: 1522 daAuts
     D:5: 1465 daAuts
     D:6: 1271 daAuts
     D:2: 1271 daAuts
     D:4: 1095 daAuts
     D:7: 886 daAuts
     D:8: 883 daAuts
     D:3: 823 daAuts
     D:9: 320 daAuts
    D:10: 132 daAuts
